 Dungeon Crawl Stone Soup version 0.30.0-15-g856e2d3f33 (webtiles) character file.

Game seed: 8367341939411085008

295 qw the Chopper (level 6, -5/37 HPs)
             Began as a Gargoyle Cinder Acolyte on May 18, 2023.
             Was a High Priest of Ignis.
             Killed by divine providence
             ... invoked by an orc priest
              (16 damage)
             ... on level 3 of the Dungeon.
             The game lasted 00:01:19 (2639 turns).

qw the Chopper (Gargoyle Cinder Acolyte)            Turns: 2639, Time: 00:01:19

Health: -5/37      AC: 23    Str: 20    XL:     6   Next: 34%
Magic:  7/7        EV:  6    Int: 14    God:    Ignis [*****.]
Gold:   58         SH:  0    Dex: 11    Spells: 7/7 levels left

rFire   + . .        Y - +0 war axe (elec)
rCold   . . .        (no shield)
rNeg    + . .        d - +0 plate armour
rPois   inf          (no helmet)
rElec   +            (no cloak)
rCorr   .            (no gloves)
SInv    .            (no boots)
Will    .....        (no amulet) Stlth
                     l - +6 ring of dexterity
HPRegen 0.26/turn    (no ring)
MPRegen 0.10/turn

%: no passive effects
@: fiery-armoured
A: sickness immunity, AC +4, negative energy resistance 1, electricity
resistance, torment resistance 1, petrification resistance
a: Renounce Religion, Fiery Armour, Foxfire Swarm, Rising Flame


You were on level 3 of the Dungeon.
You worshipped Ignis.
Ignis was extremely pleased with you.
You visited 1 branch of the dungeon, and saw 4 of its levels.

You collected 94 gold pieces.
You spent 36 gold pieces at shops.


Innate Abilities, Weirdness & Mutations

You are immune to sickness and miasma.
Your stone body is resilient. (AC +4)
You are immune to poison.
You resist negative energy. (rN+)
You are resistant to electric shocks. (rElec)
You are resistant to unholy torment.
You are immune to petrification.


   Skills:
 + Level 3.4 Fighting
 - Level 5.0 Axes
 - Level 1.0 Throwing
 - Level 3.8 Armour
 - Level 1.0 Spellcasting
 - Level 3.0 Fire Magic


You had 7 spell levels left.
You didn't know any spells.
Your spell library contained the following spells:

 Spells                   Type           Power      Damage    Failure   Level
 Scorch                   Fire           18%        2d5       97%         2

Inventory:

Hand Weapons
 a - a -1 hand axe of flaming
 Y - a +0 war axe of electrocution (weapon)
Missiles
 f - 2 javelins (quivered)
Armour
 d - a +0 plate armour (worn)
Jewellery
 l - a +6 ring of dexterity (left hand)
Scrolls
 b - a scroll of identify
Potions
 c - a potion of cancellation {unknown}
 e - a potion of invisibility {unknown}
 g - 2 potions of might
 h - a potion of berserk rage {unknown}
 i - a potion of heal wounds {unknown}
 k - a potion of degeneration {unknown}
 m - a potion of flight {unknown}
 n - a potion of mutation {unknown}

Dungeon Overview and Level Annotations

Branches:
Dungeon (4/15)
 Temple: D:4-7

Altars:

Shops:
D:2 !


Message History

Found a book of Cantrips and 10 gold pieces.
Found a stone staircase leading up.
There is a stone staircase leading up here.
There are monsters nearby!
Waypoint 3 assigned to D:4.
2635 ||| INVOKING Fiery Armour.
A protective cloak of flame settles atop you.
The orc hits you with a +0 dagger.
The orc is burned by your cloak of flames.
The orc is heavily wounded.
The orc priest calls down the wrath of Beogh upon you.
Pain shoots through your body!
You slash the orc!
You kill the orc!
You closely miss the orc priest. You barely miss the orc.
You closely miss the orc priest. The orc barely misses you.
The orc priest mumbles some strange prayers to Beogh against you.
Beogh smites you!
The orc priest hits you but does no damage.
2637 ||| STAIRDANCE The orc hits you but does no damage.
The orc is burned by your cloak of flames.
You kill the orc!
The orc hits you but does no damage.
The orc is burned by your cloak of flames.
You kill the orc!
The orc priest hits you but does no damage.
The orc priest is burned by your cloak of flames.
The orc priest is lightly wounded.
The orc priest invokes the aid of Beogh against you.
Beogh smites you!
You climb upwards.
There is a stone staircase leading down here.
You hit the orc priest but do no damage.
The orc priest is lightly wounded.
You closely miss the orc priest. The orc priest completely misses you.
The orc priest calls down the wrath of Beogh upon you.
Beogh smites you!
You die...

##.#.#.#......# #.#
#.............# #.#
##.#.#.#......# #.#
#.............# #.#
###.#.#.###.#### #.#
##........##.# #.#
##..#.#.#.#...### #.#
###..#..........o.#######.#
##
....###.#.#.###.@.........#
#.
#.####.......##o..#.#######
#. #.#####.#.#.###..##.#
###. .....#....### #..##.#
#... #.##.####.#####..##.#
#.#. #.##.# #...........#
#.#. ..##.# ######...####
###.## ####.## #...# #.....
###...###
#...###########.#.##


You could see 2 orc priests.

Vanquished Creatures
  A black bear (D:3)
  2 orc priests (D:3)
  An orc wizard (D:2)
  3 adders (D:2)
  A worm (D:2)
  4 dart slugs (D:2)
  10 orcs
  4 bats
  7 endoplasms
  4 giant cockroaches
  5 goblins
  7 hobgoblins
  4 quokkas
  3 ball pythons
  3 frilled lizards
  9 kobolds
  6 rats
74 creatures vanquished.

Notes
Turn   | Place    | Note
-------+----------+-------------------------------------------
     0 | D:1      | qw the Gargoyle Cinder Acolyte began the quest for the Orb.
     0 | D:1      | Reached XP level 1. HP: 14/14 MP: 2/2
     0 | D:1      | 0 ||| qw: Version: 0.2-a-95-gc95f03d
     0 | D:1      | 0 ||| qw: Game counter: 6
     0 | D:1      | 0 ||| qw: Always use a shield: true
     0 | D:1      | 0 ||| qw: God list: Okawaru
     0 | D:1      | 0 ||| qw: Allow faded altars: false
     0 | D:1      | 0 ||| qw: Do Orc after D:15 true
     0 | D:1      | 0 ||| qw: Do second Lair branch before Depths: true
     0 | D:1      | 0 ||| qw: Lair rune preference: random
     0 | D:1      | 0 ||| qw: Plans: Normal
     0 | D:1      | 0 ||| PLANNING D:1-11
   125 | D:1      | Found a faded altar of an unknown god.
   140 | D:1      | Reached skill level 3 in Axes
   218 | D:1      | Reached XP level 2. HP: 19/19 MP: 3/3
   297 | D:1      | 297 ||| Stepping ~*~*~tactically~*~*~ (stealth).
   328 | D:1      | Reached skill level 1 in Throwing
   416 | D:1      | 416 ||| Stepping ~*~*~tactically~*~*~ (stealth).
   853 | D:1      | 853 ||| UPGRADING to +0 plate armour.
   863 | D:1      | 863 ||| DROPPING +0 robe.
   864 | D:1      | 864 ||| UPGRADING to +6 ring of dexterity.
   865 | D:1      | 865 ||| READING scroll labelled BOOR LO IVASI.
   866 | D:1      | 866 ||| READING scroll labelled XANGEA UKHU.
   867 | D:1      | 867 ||| READING scroll labelled JETEKKU QOGUOD.
   868 | D:1      | 868 ||| DRINKING 2 white potions.
   892 | D:2      | Identified the +8 spear "Foes" {drain, Dex+4}
   936 | D:2      | Reached XP level 3. HP: 23/23 MP: 4/4
   940 | D:2      | Reached skill level 1 in Armour
  1044 | D:2      | 1044 ||| Stepping ~*~*~tactically~*~*~ (hiding).
  1107 | D:2      | 1107 ||| Stepping ~*~*~tactically~*~*~ (stealth).
  1143 | D:2      | 1143 ||| Stepping ~*~*~tactically~*~*~ (stealth).
  1144 | D:2      | 1144 ||| Stepping ~*~*~tactically~*~*~ (stealth).
  1145 | D:2      | 1145 ||| Stepping ~*~*~tactically~*~*~ (stealth).
  1198 | D:2      | Found Jith's Distillery.
  1205 | D:2      | 1205 ||| BUYING potion of curing (36 gold).
  1205 | D:2      | Bought a potion of curing for 36 gold pieces
  1205 | D:2      | 1205 ||| SHOPLISTING potion of haste (120 gold, have 0).
  1205 | D:2      | 1205 ||| SHOPLISTING potion of might (48 gold, have 0).
  1205 | D:2      | 1205 ||| SHOPLISTING potion of mutation (96 gold, have 0).
  1205 | D:2      | 1205 ||| SHOPLISTING potion of resistance (120 gold, have
                  | 0).
  1232 | D:2      | Reached XP level 4. HP: 26/28 MP: 5/5
  1243 | D:2      | 1243 ||| Stepping ~*~*~tactically~*~*~ (stealth).
  1250 | D:2      | 1250 ||| Stepping ~*~*~tactically~*~*~ (hiding).
  1446 | D:2      | 1446 ||| DRINKING 2 potions of curing.
  1446 | D:2      | 1446 ||| (to cure confusion)
  1470 | D:2      | 1470 ||| DRINKING potion of curing.
  1470 | D:2      | 1470 ||| (to cure confusion)
  1481 | D:2      | Reached skill level 4 in Axes
  1499 | D:2      | 1499 ||| SWAPPING to +0 war axe.
  1791 | D:2      | 1791 ||| READING scroll labelled IWOP RAINOUPUS.
  1792 | D:2      | 1792 ||| READING scroll labelled XYBORI MENTOFF.
  1810 | D:2      | 1810 ||| READING scroll labelled EDIUPN OJIGAOKK.
  1811 | D:2      | 1811 ||| DRINKING 3 silvery potions.
  1850 | D:3      | Reached XP level 5. HP: 32/32 MP: 6/6
  1850 | D:3      | 1850 ||| Stepping ~*~*~tactically~*~*~ (stealth).
  1851 | D:3      | 1851 ||| Stepping ~*~*~tactically~*~*~ (stealth).
  1852 | D:3      | 1852 ||| Stepping ~*~*~tactically~*~*~ (stealth).
  1853 | D:3      | 1853 ||| Stepping ~*~*~tactically~*~*~ (stealth).
  1854 | D:3      | 1854 ||| Stepping ~*~*~tactically~*~*~ (stealth).
  1855 | D:3      | 1855 ||| Stepping ~*~*~tactically~*~*~ (stealth).
  1856 | D:3      | 1856 ||| Stepping ~*~*~tactically~*~*~ (stealth).
  1923 | D:3      | 1923 ||| INVOKING Fiery Armour.
  1930 | D:3      | Reached skill level 5 in Axes
  2179 | D:3      | Noticed a black bear
  2185 | D:3      | Killed a black bear
  2186 | D:3      | Reached skill level 3 in Armour
  2186 | D:3      | Reached XP level 6. HP: 35/37 MP: 7/7
  2586 | D:3      | 2586 ||| READING scroll labelled TUEWNO WO APHE.
  2591 | D:3      | 2591 ||| READING scroll labelled XOWNOEZIGA.
  2635 | D:4      | 2635 ||| INVOKING Fiery Armour.
  2637 | D:4      | 2637 ||| STAIRDANCE
  2639 | D:3      | Killed from afar by an orc priest

Levels and vault maps discovered:
D:1:      pf_arrival_petrified_forest, layout_basic,
          hellmonk_ecumenical_altar_leap_of_faith, minivault_25
D:2:      layout_loops_ring, serial_shops, shop, chequers_avenue
D:3:      layout_loops_cross, st_stairs_12, kennysheep_cross_room
D:4:      layout_loops_corners, minmay_overflow_temple_hex, uniq_natasha

Skill      XL: |  1  2  3  4  5 |
---------------+----------------+-----
Axes           | 3 4 5 |  5.0
Throwing       | 1 |  1.0
Armour         | 2 3 |  3.8
Fighting       | |  3.4
Spellcasting   | |  1.0
Fire Magic     | |  3.0

Action                     |  1- 3 |  4- 6 || total
---------------------------+-------+-------++-------
  Melee: Hand axe          |    68 |    41 ||   109
         War axe           |       |    66 ||    66
  Throw: Javelin           |    23 |    20 ||    43
 Invoke: Fiery Armour      |       |     2 ||     2
    Use: Scroll            |     3 |     5 ||     8
         Potion            |     1 |     3 ||     4
 Armour: Robe              |    17 |       ||    17
         Plate armour      |    15 |   134 ||   149
  Dodge: Dodged            |    30 |    34 ||    64

Table legend:
 A = Non-vault XP
 B = Vault XP
 C = Vault XP percentage of total XP
 D = Non-vault monster count
 E = Vault monster count
 F = Vault count percentage of total count
                 A         B        C        D         E       F
            +---------+---------+-------+---------+---------+-------
      Total |     419 |       3 |   0.7 |      73 |       1 |   1.4
            +---------+---------+-------+---------+---------+-------
        D:1 |      30 |       0 |   0.0 |      19 |       0 |   0.0
        D:2 |     130 |       0 |   0.0 |      27 |       0 |   0.0
        D:3 |     250 |       3 |   1.2 |      24 |       1 |   4.0
        D:4 |       9 |       0 |   0.0 |       3 |       0 |   0.0
            +---------+---------+-------+---------+---------+-------
